CAR
CAROLINA MUDCATS @ SALEM RED SOX
09/15/2080
 
TOP OF THE 1ST
Carolina Mudcats batting - Pitching for Salem Red Sox : RHP Dave Pena
Pitching: RHP Dave Pena
Batting: LHB Carlos Robles 0-0: Foul Ball, location: 2F
0-1: Ball
1-1: Ball
2-1: Ground out 4-3 (Groundball, 4M, EV 105.0 MPH)
Batting: RHB Neil Castle 0-0: Called Strike
0-1: Ball
1-1: Called Strike
1-2: Foul Ball, location: 2F
1-2: Foul Ball, location: 2F
1-2: Ball
2-2: Fly out, F9 (Flyball, 9LSF, EV 97.5 MPH)
Batting: RHB Danny Christiano 0-0: Foul Ball, location: 2F
0-1: Ground out 6-3 (Groundball, 6, EV 89.4 MPH)
Top of the 1st over - 0 runs, 0 hits, 0 errors, 0 left on base; Carolina 0 - Salem 0
BOTTOM OF THE 1ST
Salem Red Sox batting - Pitching for Carolina Mudcats : RHP Luke Shields
Pitching: RHP Luke Shields
Batting: LHB Paul Franz 0-0: Ball
1-0: Ball
2-0: Called Strike
2-1: Swinging Strike
2-2: SINGLE (Line Drive, 89M, EV 101.9 MPH)
Batting: RHB Bobby Taylor 0-0: Called Strike
0-1: Ball
1-1: Foul Ball, location: 2F
1-2: Foul Ball, location: 2F
1-2: Fly out, F8 (Flyball, 78S, EV 89.4 MPH)
Batting: LHB Blake Clark 0-0: Called Strike
0-1: Called Strike
0-2: Foul Ball, location: 2F
0-2: Ball
1-2: Fielders Choice at 2nd, 4-6 (Groundball, 4, EV 86.9 MPH)
Batting: RHB Seth Rigney 0-0: Swinging Strike
0-1: Ball
1-1: Ball
2-1: Foul Ball, location: 2F
2-2: Ground out 4-3 (Groundball, 34, EV 101.9 MPH)
Bottom of the 1st over - 0 runs, 1 hit, 0 errors, 1 left on base; Carolina 0 - Salem 0
TOP OF THE 2ND
Carolina Mudcats batting - Pitching for Salem Red Sox : RHP Dave Pena
Batting: LHB Sean Earl 0-0: Foul Ball, location: 2F
0-1: Called Strike
0-2: Ball
1-2: Ball
2-2: Fly out, F9 (Flyball, 9, EV 81.9 MPH)
Batting: RHB Myles Bates 0-0: Ball
1-0: Called Strike
1-1: Called Strike
1-2: DOUBLE (Line Drive, 9LD, EV 101.9 MPH)
Batting: LHB Bill Brand 0-0: Ball
1-0: Ball
2-0: SINGLE (Line Drive, 8RS, EV 88.1 MPH)
Myles Bates to third
Runner from 3rd tries for Home, SAFE, throw by CF to home
Batting: RHB Justin Wheatley 0-0: Called Strike
0-1: Swinging Strike
0-2: Ball
1-2: Foul Ball, location: 2F
1-2: Fly out, F4 (Popup, 23, EV 88.1 MPH)
Batting: SHB Angel Guzman 0-0: Ball
1-0: Called Strike
1-1: Ball
2-1: Called Strike
2-2: Foul Ball, location: 2F
2-2: Ball
3-2: Ground out 1-3 (Groundball, 15S, EV 72.5 MPH)
Top of the 2nd over - 1 run, 2 hits, 0 errors, 1 left on base; Carolina 1 - Salem 0
BOTTOM OF THE 2ND
Salem Red Sox batting - Pitching for Carolina Mudcats : RHP Luke Shields
Batting: LHB William Ballestero 0-0: Reaches on Catchers interference
Batting: RHB Marty Hattery 0-0: Ball
1-0: Ball
William Ballestero steals 2nd base
2-0: Foul Ball, location: 2F
2-1: Ball
3-1: Base on Balls
Batting: LHB Kevin Wright 0-0: Ball
1-0: Ball
2-0: Called Strike
2-1: SINGLE (Groundball, 4MD, EV 100.0 MPH) (infield hit)
William Ballestero to third
Marty Hattery to second
Batting: LHB Andy Leavell 0-0: Foul Ball, location: 2F
0-1: SINGLE (Groundball, 4S, EV 70.0 MPH) (infield hit)
William Ballestero scores
Marty Hattery to third
Kevin Wright to second
Batting: RHB Nelson Silva 0-0: Grounds into double play, 4-6-3 (Groundball, 4, EV 88.8 MPH)
Marty Hattery scores
Kevin Wright to third
Batting: LHB Paul Franz 0-0: Ball
1-0: Fly out, F9 (Line Drive, 89D, EV 92.5 MPH)
Bottom of the 2nd over - 2 runs, 2 hits, 1 error, 1 left on base; Carolina 1 - Salem 2
TOP OF THE 3RD
Carolina Mudcats batting - Pitching for Salem Red Sox : RHP Dave Pena
Batting: SHB Rene Garcia 0-0: Foul Ball, location: 2F
0-1: Swinging Strike
0-2: Strikes out swinging
Batting: LHB Carlos Robles 0-0: Called Strike
0-1: Called Strike
0-2: Ball
1-2: Foul Ball, location: 2F
1-2: Ball
2-2: Strikes out swinging
Batting: RHB Neil Castle 0-0: Ball
1-0: Ground out 5-3 (Groundball, 56S, EV 83.1 MPH)
Top of the 3rd over - 0 runs, 0 hits, 0 errors, 0 left on base; Carolina 1 - Salem 2
BOTTOM OF THE 3RD
Salem Red Sox batting - Pitching for Carolina Mudcats : RHP Luke Shields
Batting: RHB Bobby Taylor 0-0: Called Strike
0-1: Ball
1-1: Ground out U3 (Groundball, 34S, EV 89.4 MPH)
Batting: LHB Blake Clark 0-0: Fly out, F5 (Line Drive, 5L, EV 72.5 MPH)
Batting: RHB Seth Rigney 0-0: Ball
1-0: Ball
2-0: Called Strike
2-1: Ball
3-1: Fly out, F8 (Flyball, 8LM, EV 93.1 MPH)
Bottom of the 3rd over - 0 runs, 0 hits, 0 errors, 0 left on base; Carolina 1 - Salem 2
TOP OF THE 4TH
Carolina Mudcats batting - Pitching for Salem Red Sox : RHP Dave Pena
Batting: RHB Danny Christiano 0-0: Ball
1-0: Ball
2-0: Called Strike
2-1: Ball
3-1: Ground out 5-3 (Groundball, 56, EV 86.9 MPH)
Batting: LHB Sean Earl 0-0: Ground out 4-3 (Groundball, 4, EV 97.5 MPH)
Batting: RHB Myles Bates 0-0: Called Strike
0-1: Called Strike
0-2: Ball
1-2: Strikes out swinging
Top of the 4th over - 0 runs, 0 hits, 0 errors, 0 left on base; Carolina 1 - Salem 2
BOTTOM OF THE 4TH
Salem Red Sox batting - Pitching for Carolina Mudcats : RHP Luke Shields
Batting: LHB William Ballestero 0-0: Ball
1-0: Called Strike
1-1: Ball
2-1: Ball
3-1: Base on Balls
Batting: RHB Marty Hattery 0-0: Ball
1-0: Swinging Strike
1-1: Foul Ball, location: 2F
1-2: Strikes out swinging
Batting: LHB Kevin Wright 0-0: Fly out, F7 (Flyball, 7, EV 74.4 MPH)
Batting: LHB Andy Leavell 0-0: Ball
1-0: Fielders Choice at 2nd, 6-4 (Groundball, 6, EV 85.0 MPH)
Bottom of the 4th over - 0 runs, 0 hits, 0 errors, 1 left on base; Carolina 1 - Salem 2
TOP OF THE 5TH
Carolina Mudcats batting - Pitching for Salem Red Sox : RHP Dave Pena
Batting: LHB Bill Brand 0-0: Foul Ball, location: 2F
0-1: Ball
1-1: Ball
2-1: Ball
3-1: Base on Balls
Batting: RHB Justin Wheatley 0-0: Sac Bunt to 25 - play at first, batter OUT! 5-3
Bill Brand to second
Batting: SHB Angel Guzman 0-0: Ball
1-0: Ball
2-0: Ball
3-0: Called Strike
3-1: Fly out, F8 (Flyball, 78M, EV 83.8 MPH)
Batting: SHB Rene Garcia 0-0: Foul Ball, location: 2F
0-1: Ball
1-1: Swinging Strike
1-2: Ball
2-2: Ground out U3 (Groundball, 3S, EV 92.5 MPH)
Top of the 5th over - 0 runs, 0 hits, 0 errors, 1 left on base; Carolina 1 - Salem 2
BOTTOM OF THE 5TH
Salem Red Sox batting - Pitching for Carolina Mudcats : RHP Luke Shields
Batting: RHB Nelson Silva 0-0: Ball
1-0: Called Strike
1-1: Fly out, F8 (Flyball, 78D, EV 111.9 MPH)
Batting: LHB Paul Franz 0-0: Ball
1-0: Fly out, F6 (Popup, 6MS, EV 61.2 MPH)
Batting: RHB Bobby Taylor 0-0: Called Strike
0-1: Ball
1-1: Ball
2-1: Swinging Strike
2-2: Foul Ball, location: 2F
2-2: Ball
3-2: Base on Balls
Batting: LHB Blake Clark 0-0: Called Strike
0-1: Foul Ball, location: 2F
0-2: Ball
1-2: Ground out 6-3 (Groundball, 6M, EV 100.6 MPH)
Bottom of the 5th over - 0 runs, 0 hits, 0 errors, 1 left on base; Carolina 1 - Salem 2
TOP OF THE 6TH
Carolina Mudcats batting - Pitching for Salem Red Sox : RHP Dave Pena
Batting: LHB Carlos Robles 0-0: Ball
1-0: Swinging Strike
1-1: Ball
2-1: Ground out 6-3 (Groundball, 6M, EV 87.5 MPH)
Batting: RHB Neil Castle 0-0: Ground out 4-3 (Groundball, 4, EV 91.2 MPH)
Batting: RHB Danny Christiano 0-0: Called Strike
0-1: Fly out, F8 (Flyball, 8RD, EV 93.8 MPH)
Top of the 6th over - 0 runs, 0 hits, 0 errors, 0 left on base; Carolina 1 - Salem 2
BOTTOM OF THE 6TH
Salem Red Sox batting - Pitching for Carolina Mudcats : RHP Luke Shields
Batting: RHB Seth Rigney 0-0: Ball
1-0: Ball
2-0: DOUBLE (Flyball, 89XD, EV 105.0 MPH)
Batting: LHB William Ballestero 0-0: Called Strike
0-1: Ball
1-1: Ball
2-1: Ball
3-1: Base on Balls
Batting: RHB Marty Hattery 0-0: Bunt missed!
0-1: Ball
1-1: Bunt missed!
1-2: Ball
2-2: Ball
3-2: SINGLE (Groundball, 4D, EV 106.2 MPH)
Seth Rigney to third
William Ballestero to second
Runner from 3rd tries for Home, throw by CF and OUT! 8-2
Batting: LHB Kevin Wright 0-0: Called Strike
0-1: Foul Ball, location: 2F
0-2: Ball
1-2: Foul Ball, location: 2F
1-2: Foul Ball, location: 2F
1-2: Foul Ball, location: 2F
1-2: Foul Ball, location: 2F
1-2: Grounds into double play, 4-6-3 (Groundball, 4, EV 100.0 MPH)
Bottom of the 6th over - 0 runs, 2 hits, 0 errors, 1 left on base; Carolina 1 - Salem 2
TOP OF THE 7TH
Carolina Mudcats batting - Pitching for Salem Red Sox : RHP Dave Pena
Batting: LHB Sean Earl 0-0: Called Strike
0-1: Ball
1-1: Called Strike
1-2: Ball
2-2: Strikes out swinging
Batting: RHB Myles Bates 0-0: Foul Ball, location: 2F
0-1: Swinging Strike
0-2: Fly out, F4 (Line Drive, 4, EV 66.2 MPH)
Batting: LHB Bill Brand 0-0: Ball
1-0: Foul Ball, location: 2F
1-1: Ball
2-1: Foul Ball, location: 2F
2-2: Foul Ball, location: 2F
2-2: Ball
3-2: Foul Ball, location: 2F
3-2: Base on Balls
Pitching: RHP Julio Recendez
Batting: RHB Justin Wheatley 0-0: Called Strike
0-1: Called Strike
0-2: Ball
1-2: Ball
2-2: Strikes out swinging
Top of the 7th over - 0 runs, 0 hits, 0 errors, 1 left on base; Carolina 1 - Salem 2
BOTTOM OF THE 7TH
Salem Red Sox batting - Pitching for Carolina Mudcats : RHP Luke Shields
Pitching: RHP Dan Brokenshire
Batting: LHB Andy Leavell 0-0: Called Strike
0-1: Ball
1-1: Ball
2-1: Ground out U3 (Groundball, 3L, EV 81.9 MPH)
Batting: RHB Nelson Silva 0-0: Ball
1-0: Fly out, F9 (Flyball, 89M, EV 78.8 MPH)
Batting: LHB Paul Franz 0-0: Foul Ball, location: 2F
0-1: Called Strike
0-2: Strikes out looking
Bottom of the 7th over - 0 runs, 0 hits, 0 errors, 0 left on base; Carolina 1 - Salem 2
TOP OF THE 8TH
Carolina Mudcats batting - Pitching for Salem Red Sox : RHP Julio Recendez
Pitching: LHP Pat Zirkelbach
Batting: SHB Angel Guzman 0-0: Ball
1-0: Foul Ball, location: 2F
1-1: Ball
2-1: Foul Ball, location: 2F
2-2: Foul Ball, location: 2F
2-2: Fly out, F7 (Flyball, 7S, EV 88.1 MPH)
Batting: SHB Rene Garcia 0-0: Swinging Strike
0-1: Ball
1-1: Ball
2-1: Foul Ball, location: 2F
2-2: Strikes out swinging
Pinch Hitting: RHB Devon Olson 0-0: Called Strike
0-1: Foul Ball, location: 2F
0-2: Foul Ball, location: 2F
0-2: Ball
1-2: Strikes out swinging
Top of the 8th over - 0 runs, 0 hits, 0 errors, 0 left on base; Carolina 1 - Salem 2
BOTTOM OF THE 8TH
Salem Red Sox batting - Pitching for Carolina Mudcats : RHP Dan Brokenshire
Now at SS: Devon Olson
Batting: RHB Bobby Taylor 0-0: Foul Ball, location: 2F
0-1: Foul Ball, location: 2F
0-2: Ball
1-2: Ball
2-2: Ground out 4-3 (Groundball, 4M, EV 77.5 MPH)
Batting: LHB Blake Clark 0-0: Ground out 4-3 (Groundball, 34, EV 91.9 MPH)
Batting: RHB Seth Rigney 0-0: Ground out 2-3 (Groundball, 15S, EV 76.9 MPH)
Bottom of the 8th over - 0 runs, 0 hits, 0 errors, 0 left on base; Carolina 1 - Salem 2
TOP OF THE 9TH
Carolina Mudcats batting - Pitching for Salem Red Sox : LHP Pat Zirkelbach
Batting: RHB Neil Castle 0-0: Ball
1-0: Ground out 6-3 (Groundball, 6, EV 105.6 MPH)
Batting: RHB Danny Christiano 0-0: Fly out, F7 (Flyball, 78D, EV 100.6 MPH)
Batting: RHB Jorge Benito 0-0: Ball
1-0: Ball
2-0: Ball
3-0: Called Strike
3-1: Base on Balls
Batting: RHB Myles Bates 0-0: Ground out 1-3 (Groundball, 13S, EV 75.0 MPH)
Top of the 9th over - 0 runs, 0 hits, 0 errors, 1 left on base; Carolina 1 - Salem 2
Wednesday, July 27th , 2022 - OOTP Baseball 23.5 Build 73